 Dungeon Crawl Stone Soup version 0.20-a0-1122-gb7cbeb9 (webtiles) character file.

89 MatthieuS the Ruffian (level 4, 0/42 HPs)
             Began as a Troll Transmuter on May 11, 2017.
             Slain by a goblin (1 damage)
             ... on level 3 of the Dungeon.
             The game lasted 00:03:51 (1583 turns).

MatthieuS the Ruffian (Troll Transmuter)            Turns: 1583, Time: 00:03:53

Health: 0/42       AC:  5    Str: 18    XL:     4   Next: 31%
Magic:  4/4        EV:  9    Int: 10    God:
Gold:   94         SH:  0    Dex: 10    Spells: 4/5 levels left

rFire    + . .     SeeInvis .     - Unarmed
rCold    x . .     Gourm    +   (no shield)
rNeg     . . .     Faith    .   b - +0 robe
rPois    .         Spirit   .   (helmet restricted)
rElec    .         Reflect  .   (no cloak)
rCorr    .         Harm     .   (gloves unavailable)
MR       .....                  (boots unavailable)
Stlth    +.........             (no amulet)
Regen    0.6/turn               k - ring of wizardry
MPRegen  0.1/turn               n - ring of fire

@: slowed, drained, very slow
A: unfitting armour, claws 3, fast metabolism 3, gourmand, regeneration 1,
shaggy fur 1, tough skin 2
a: no special abilities


You were on level 3 of the Dungeon.
You were completely stuffed.

You visited 1 branch of the dungeon, and saw 3 of its levels.

You collected 94 gold pieces.

Inventory:

Missiles
 a - 25 arrows
Armour
 b - a +0 robe (worn)
Jewellery
 k - a ring of wizardry (left claw)
 n - a ring of fire (right claw)
Wands
 p - a wand of polymorph (9/24)
Scrolls
 e - 2 scrolls of blinking {unknown}
 f - 4 scrolls of magic mapping {unknown}
 i - a scroll of identify {unknown}
 j - 2 scrolls of fear {unknown}
 l - a scroll of teleportation {unknown}
 m - a scroll of fog {unknown}
 o - a scroll of remove curse {unknown}
Potions
 g - a potion of heal wounds {unknown}
 r - a potion of haste {unknown}
 s - a potion of lignification {unknown}
Books
 c - a book of Changes

   Spells                             Type                      Level
   a - Beastly Appendage              Transmutation                1
   b - Sticks to Snakes               Transmutation                2
   c - Spider Form                    Transmutation/Poison         3
   d - Ice Form                       Ice/Transmutation            4
   e - Blade Hands                    Transmutation                5
Comestibles
 d - 3 bread rations
 h - 3 meat rations
 q - 4 chunks of flesh


   Skills:
 + Level 2.0(1.3) Fighting
 - Level 1.5(0.8) Dodging
 * Level 4.5(3.7) Unarmed Combat
 - Level 1.2(0.5) Spellcasting
 - Level 1.3(0.6) Transmutations


You had 4 spell levels left.
You knew the following spells:

 Your Spells              Type           Power        Failure   Level  Hunger
a - Beastly Appendage     Tmut           #.....       12%         1    ##.....


Dungeon Overview and Level Annotations

Branches:
Dungeon (3/15)

Altars:


Innate Abilities, Weirdness & Mutations

You are too large for most types of armour.
You have claws for hands.
Your metabolism is lightning-fast.
You like to eat raw meat.
Your natural rate of healing is unusually fast.
You are covered in fur. (AC +1)
You have very tough skin. (AC +2)


Message History

The magic dart hits you!
* * * LOW HITPOINT WARNING * * *
The goblin barely misses you.
The orc wizard gestures wildly while chanting.
The orc wizard blinks!
The orc hits you with a hand axe!
* * * LOW HITPOINT WARNING * * *
The goblin hits you but does no damage.
The orc wizard gestures wildly while chanting.
The orc wizard blinks!
The orc wizard casts a spell.
The orc wizard blinks!
The goblin hits you but does no damage. The orc wizard hits you with a dagger.
* * * LOW HITPOINT WARNING * * *
You barely miss the orc wizard.
The orc wizard is heavily wounded.
The orc wizard hits you but does no damage.
The orc hits you but does no damage. The goblin hits you but does no damage.
The orc wizard hits you but does no damage.
The goblin hits you.
You die...

.........# #......#
#......# # #...(..# .#
##...####.# #..(##..)
#..K##.##### #.
#..og......#
##.#####.o@.....#
..........o.....###
..................
................###########
..........)................
................##########.
................# #.
................# #.
........######### ########.


You could see an orc wizard, 2 orcs, a goblin and a kobold.

Vanquished Creatures
  Robin (D:2)
  An adder (D:1)
  2 dart slugs
  2 leopard geckos (D:1)
  4 orcs (D:3)
  15 goblins
  7 hobgoblins
  3 jackals (D:2)
  A ball python (D:1)
  5 bats
  2 frilled lizards (D:3)
  2 kobolds (D:2)
  10 rats
55 creatures vanquished.

Notes
Turn   | Place    | Note
-------+----------+-------------------------------------------
     0 | D:1      | MatthieuS the Troll Transmuter began the quest for the Orb.
     0 | D:1      | Reached XP level 1. HP: 18/18 MP: 1/1
    77 | D:1      | Reached skill level 1 in Fighting
   118 | D:1      | Reached XP level 2. HP: 25/27 MP: 2/2
   486 | D:1      | Reached skill level 4 in Unarmed Combat
   616 | D:2      | Reached XP level 3. HP: 33/33 MP: 3/3
   978 | D:2      | Noticed Robin
   992 | D:2      | Killed Robin
   992 | D:2      | Reached XP level 4. HP: 27/42 MP: 4/4
  1579 | D:3      | HP: 2/42 [orc/hand axe (8)]
  1583 | D:3      | Slain by a goblin

Vault maps used:
D:1:      scummos_arrival_gate
D:2:      uniq_robin
D:3:      first_bread, uniq_jessica

Skill      XL: |  1  2  3  4 |
---------------+-------------+-----
Fighting       | 1 2 |  2.0
Unarmed Combat | 4 |  4.5
Dodging        | |  1.5
Spellcasting   | |  1.2
Transmutations | |  1.3

Action                   |  1- 3 |  4- 6 || total
-------------------------+-------+-------++-------
Melee: Unarmed           |   104 |    38 ||   142
       Punch             |     2 |       ||     2
 Stab: Sleeping          |     4 |       ||     4
  Eat: Chunk             |    14 |     6 ||    20
Armor: Robe              |    31 |    25 ||    56
Dodge: Dodged            |    47 |    21 ||    68
